 Dungeon Crawl Stone Soup version 0.28-a0-1555-g9ae15a6949 (webtiles) character file.

Game seed: 16561327159185034773

8 HallandMoats the Skirmisher (level 2, -1/26 HPs)
             Began as a Ghoul Monk on Jan 18, 2022.
             Was a Priest of Lugonu.
             Slain by an endoplasm (3 damage)
             ... on level 1 of the Dungeon.
             The game lasted 00:00:49 (692 turns).

HallandMoats the Skirmisher (Ghoul Monk)             Turns: 692, Time: 00:00:50

Health: -1/26      AC:  2    Str: 14    XL:     2   Next: 8%
Magic:  1/1        EV: 12    Int:  5    God:    Lugonu [***...]
Gold:   38         SH:  0    Dex: 11    Spells: 1/1 levels left

rFire   . . .      SeeInvis .     - Unarmed
rCold   + . .      Faith    .   (no shield)
rNeg    + + +      Spirit   .   a - +0 robe
rPois   ∞          Reflect  .   (no helmet)
rElec   .          Harm     .   (no cloak)
rCorr   .          Rampage  .   (no gloves)
Will    .....                   (no boots)
Stlth   ++........              (no amulet)
HPRegen 0.00/turn               (no ring)
MPRegen 0.07/turn               (no ring)

@: inhibited regen
A: claws 1, cold resistance 1, negative energy resistance 3, inhibited
regeneration, torment resistance 2
a: Renounce Religion, Depart the Abyss, Bend Space, Banish


You were on level 1 of the Dungeon.
You worshipped Lugonu.
Lugonu was most pleased with you.
You visited 1 branch of the dungeon, and saw 1 of its levels.

You collected 38 gold pieces.

Inventory:

Armour
 a - a +0 robe (worn)
Jewellery
 d - a +4 ring of protection
Scrolls
 b - a scroll of magic mapping {unknown}
 e - 2 scrolls of identify {unknown}
 g - a scroll of fear {unknown}
Potions
 c - a potion of mutation {unknown}
 f - a potion of attraction {unknown}
 h - a potion of brilliance {unknown}


   Skills:
 * Level 3.5 Fighting
 * Level 0.5 Slings
 + Level 0.3 Armour
 + Level 2.7 Dodging
 - Level 2.1 Stealth
 - Level 3.2 Unarmed Combat
 + Level 0.2 Invocations


You had one spell level left.
You didn't know any spells.
Your spell library was empty.

Dungeon Overview and Level Annotations

Branches:
Dungeon (1/15)

Altars:
Lugonu


Innate Abilities, Weirdness & Mutations

You thrive by killing the living.
You are immune to poison.
You have sharp fingernails.
Your flesh is cold resistant. (rC+)
You are immune to negative energy. (rN+++)
You do not regenerate when monsters are visible.
You are immune to unholy pain and torment.


Message History

The endoplasm quivers.
The bat barely misses you. The bat hits you but does no damage.
The quokka barely misses you.
You see here a red potion.
h - a red potion The quokka bites you.
The endoplasm closely misses you. The bat hits you but does no damage.
The bat hits you but does no damage. The quokka bites you.
The endoplasm freezes you.
You are frozen.
You resist. The bat closely misses you. The quokka barely misses you.
The endoplasm hits you. The bat barely misses you.
The bat hits you but does no damage. The quokka barely misses you.
The endoplasm hits you. The quokka barely misses you.
The endoplasm freezes you.
You are frozen.
You resist. The quokka closely misses you. The bat barely misses you.
The bat hits you but does no damage. The quokka bites you.
The endoplasm freezes you.
You are frozen.
You resist. The bat closely misses you. The quokka misses you.
The endoplasm hits you. The quokka misses you.
The endoplasm hits you but does no damage.
The bat misses you. The quokka barely misses you. The endoplasm freezes you.
You are frozen.
You resist. The quokka closely misses you. The bat misses you.
The endoplasm barely misses you. The quokka barely misses you.
The bat barely misses you. The quokka misses you. The endoplasm freezes you.
You are frozen.
You resist. The bat completely misses you. The quokka bites you.
The endoplasm freezes you.
You are frozen.
You resist. The quokka bites you.
* * * LOW HITPOINT WARNING * * *
The bat hits you.
* * * LOW HITPOINT WARNING * * *
The endoplasm hits you.
You die...

## ############
..# #..........#
...###..........#
#........@b.....#
##.....r.J.....#
#.............>.
#.###..........#
#...........
#..........#
##.##......#
#..###..... #####
##.## ##...###
.....


You could see an endoplasm, a quokka and a bat.

Vanquished Creatures
  2 ball pythons (D:1)
  An endoplasm (D:1)
  A goblin (D:1)
  A kobold (D:1)
  2 bats (D:1)
  A frilled lizard (D:1)
8 creatures vanquished.

Notes
Turn   | Place    | Note
-------+----------+-------------------------------------------
     0 | D:1      | HallandMoats the Ghoul Monk began the quest for the Orb.
     0 | D:1      | Reached XP level 1. HP: 19/19 MP: 0/0
    86 | D:1      | Reached XP level 2. HP: 11/26 MP: 1/1
   436 | D:1      | Found a faded altar of an unknown god.
   538 | D:1      | Prayed at the altar of an unknown god.
   538 | D:1      | Became a worshipper of Lugonu the Unformed
   538 | D:1      | Reached * piety under Lugonu
   538 | D:1      | Reached ** piety under Lugonu
   538 | D:1      | Reached *** piety under Lugonu
   692 | D:1      | Slain by an endoplasm

Illustrated notes

Levels and vault maps discovered:
D:1:      minmay_arrival_cross, layout_rooms, chequers_ecumenical_altar_twisty,
          minmay_misc_feat_enclosed

Action                   || total
-------------------------++-------
Melee: Unarmed           ||    30
       Punch             ||     2
Armor: Robe              ||    16
Dodge: Dodged            ||    53

Table legend: (Time is in decaauts)
 A = Elapsed time spent in this place.
 B = Non-inter-level travel time spent in this place.
 C = Inter-level travel time spent in this place.
 D = Time resting spent in this place.
 E = Time spent auto-exploring this place.
 F = Levels seen in this place.
 G = Mean time per level.
                   A        B        C        D        E       F      G
               +--------+--------+--------+--------+--------+-----+--------+
         Total |    690 |    671 |     19 |      0 |    568 |   1 |  690.0 |
       Dungeon |    690 |    671 |     19 |      0 |    568 |   1 |  690.0 |
               +--------+--------+--------+--------+--------+-----+--------+

Top non-repeatable levels by time:
     D:1: 690 daAuts
